 Dungeon Crawl Stone Soup version 0.21-a0-349-g0c35859 (webtiles) character file.

9 vishdafish the Charmwright (level 2, 4/22 HPs)
             Began as a Demonspawn Skald on Oct 7, 2017.
             Quit the game on level 1 of the Dungeon.
             The game lasted 00:00:30 (173 turns).

vishdafish the Charmwright (Demonspawn Skald)        Turns: 173, Time: 00:00:31

Health: 4/22       AC:  3    Str: 11    XL:     2   Next: 3%
Magic:  5/5        EV: 12    Int: 14    God:
Gold:   0          SH:  0    Dex: 12    Spells: 4/5 levels left

rFire    . . .     SeeInvis .   a - +0 falchion
rCold    . . .     Gourm    .   (no shield)
rNeg     . . .     Faith    .   b - +0 leather armour
rPois    .         Spirit   .   (no helmet)
rElec    .         Reflect  .   (no cloak)
rCorr    .         Harm     .   (no gloves)
MR       .....                  (no boots)
Stlth    ++........             (no amulet)
HPRegen  0.07/turn              (no ring)
MPRegen  0.09/turn              (no ring)

@: no status effects
A: nightstalker 1
a: no special abilities


You were on level 1 of the Dungeon.
You were not hungry.

You visited 1 branch of the dungeon, and saw 1 of its levels.

Inventory:

Hand Weapons
 a - a +0 falchion (weapon)
Missiles
 e - 2 throwing nets (quivered)
Armour
 b - a +0 leather armour (worn)
Books
 c - a book of Battle

   Spells                             Type                      Level
   a - Infusion                       Charms                       1
   b - Shroud of Golubria             Charms/Translocation         2
   c - Song of Slaying                Charms                       2
   d - Spectral Weapon                Hexes/Charms                 3
   e - Regeneration                   Charms/Necromancy            3
Comestibles
 d - 2 bread rations


   Skills:
 + Level 2.1 Fighting
 * Level 2.0 Long Blades
 + Level 1.0 Armour
 + Level 1.8 Dodging
 + Level 2.1 Spellcasting
 + Level 2.7 Charms


You had 4 spell levels left.
You knew the following spells:

 Your Spells              Type           Power        Failure   Level  Hunger
a - Infusion              Chrm           #...         10%         1    ##.....


Dungeon Overview and Level Annotations

Branches:
Dungeon (1/15)

Altars:


Innate Abilities, Weirdness & Mutations

You are slightly more attuned to the shadows.


Message History

You hit the jackal but do no damage. The jackal closely misses you.
You hit the jackal but do no damage.
The jackal bites you but does no damage.
You hit the jackal but do no damage. The jackal closely misses you.
You riposte.
You closely miss the jackal. The jackal barely misses you.
You hit the jackal but do no damage. The jackal bites you. x2
You hit the jackal.
The jackal is severely wounded.
The jackal bites you.
* * * LOW HITPOINT WARNING * * *
You hit the jackal.
You kill the jackal!
Your Long Blades skill increases to level 2!
You hit the jackal.
You kill the jackal!
You have reached level 2!
Your demonic ancestry asserts itself...
You slip into the darkness of the dungeon.
The jackal bites you but does no damage.
Are you sure you want to abandon this character and quit the game? (Confirm with "yes".)

#.. ##.... #..
##....) #..
##...... ..
##......# ##.#
##......## #..#
##......##
###.####......##
#............##
#@#.####......##
#h#..#
##......##
#.##.##
##......##
#g##..##
##......#
#h###..##
##...... #.#
##..## ##.....
#.. ##.[##
##.... ###
##..#####...
##...####..


You could see 2 jackals and a goblin.

Vanquished Creatures
  A leopard gecko (D:1)
  A giant cockroach (D:1)
  2 jackals (D:1)
  2 frilled lizards (D:1)
  A goblin (D:1)
  A kobold (D:1)
8 creatures vanquished.

Notes
Turn   | Place    | Note
-------+----------+-------------------------------------------
     0 | D:1      | vishdafish the Demonspawn Skald began the quest for the Orb.
     0 | D:1      | Reached XP level 1. HP: 16/16 MP: 3/3
   110 | D:1      | Reached skill level 1 in Armour
   172 | D:1      | Gained mutation: You are slightly more attuned to the shadows. [demonic ancestry]
   172 | D:1      | Reached XP level 2. HP: 3/22 MP: 5/5
   173 | D:1      | Quit the game

Vault maps used:
D:1:      dpeg_arrival_central

Skill      XL: |  1 |
---------------+----+-----
Armour         | 1 |  1.0
Long Blades    | 2 |  2.0
Fighting       | |  2.1
Dodging        | |  1.8
Spellcasting   | |  2.1
Charms         | |  2.7

Action                   || total
-------------------------++-------
Melee: Falchion          ||    28
Armor: Leather armour    ||    13
Dodge: Dodged            ||    15
       Rpst.: Falchion   ||     5

Table legend:
 A = Spawn XP
 B = Non-spawn XP
 C = Spawn XP percentage of total XP
 D = Spawn monster count
 E = Non-spawn monster count
 F = Spawn count percentage of total count
 G = Total turns spent on level
                    A         B        C        D         E        F      G
               +---------+---------+-------+---------+---------+-------+---------
         Total |       0 |      13 |   0.0 |       0 |       8 |   0.0 |   173
               +---------+---------+-------+---------+---------+-------+---------
           D:1 |       0 |      13 |   0.0 |       0 |       8 |   0.0 |   173
               +---------+---------+-------+---------+---------+-------+---------
